 Dungeon Crawl Stone Soup version 0.22-a0-571-g4a923d4 (webtiles) character file.

134 Hebeh the Shield-Bearer (level 4, -1/41 HPs)
             Began as a Minotaur Fighter on July 1, 2018.
             Slain by a killer bee (8 damage)
             ... on level 3 of the Dungeon.
             The game lasted 00:05:44 (1519 turns).

Hebeh the Shield-Bearer (Minotaur Fighter)          Turns: 1519, Time: 00:05:45

Health: -1/41      AC:  8    Str: 22    XL:     4   Next: 95%
Magic:  3/3        EV:  7    Int:  5    God:
Gold:   48         SH:  9    Dex:  9    Spells: 3/3 levels left

rFire    . . .     SeeInvis .   a - +0 war axe
rCold    . . .     Gourm    .   c - +0 shield
rNeg     . . .     Faith    .   b - +0 scale mail
rPois    +         Spirit   .   (helmet restricted)
rElec    .         Reflect  .   (no cloak)
rCorr    .         Harm     .   o - +0 pair of gloves
MR       .....                  (no boots)
Stlth    ..........             (no amulet)
HPRegen  0.13/turn              g - ring of poison resistance
MPRegen  0.08/turn              (no ring)

@: no status effects
A: retaliatory headbutt, horns 2
a: no special abilities


You were on level 3 of the Dungeon.
You were not hungry.

You visited 1 branch of the dungeon, and saw 3 of its levels.

You collected 48 gold pieces.

Inventory:

Hand Weapons
 a - a +0 war axe (weapon)
Armour
 b - a +0 scale mail (worn)
 c - a +0 shield (worn)
 o - a +0 pair of gloves (worn)
Jewellery
 g - a ring of poison resistance (left hand)
Scrolls
 e - a scroll of identify {unknown}
 h - a scroll of fog {unknown}
 i - a scroll of blinking {unknown}
 j - 2 scrolls of remove curse {unknown}
 m - a scroll of teleportation {unknown}
Potions
 d - a potion of might
 k - a potion of heal wounds {unknown}
 l - 2 potions of curing {unknown}
 n - a potion of lignification {unknown}
 p - a potion of agility {unknown}
Comestibles
 f - 3 rations
 q - 15 chunks of flesh


   Skills:
 + Level 4.4 Fighting
 * Level 4.4 Axes
 + Level 4.4 Armour
 + Level 4.4 Shields


You had 3 spell levels left.
You didn't know any spells.
Your spell library was empty.

Dungeon Overview and Level Annotations

Branches:
Dungeon (3/15)

Altars:
Qazlal


Innate Abilities, Weirdness & Mutations

You reflexively headbutt those who attack you in melee.
You have a pair of horns on your head.


Message History

You miss the killer bee. You block the killer bee's attack.
The killer bee completely misses you. You furiously retaliate!
You headbutt the killer bee.
The killer bee stings you but does no damage.
The killer bee completely misses you. The killer bee stings you.
The killer bee stings you but does no damage.
A goblin comes into view. It is wielding a club.
The killer bee barely misses you. You furiously retaliate!
You headbutt the killer bee!
The killer bee stings you but does no damage. x3
You barely miss the killer bee. You closely miss the killer bee.
You barely miss the killer bee. The killer bee stings you.
The killer bee stings you but does no damage.
You block the killer bee's attack. The killer bee stings you.
* * * LOW HITPOINT WARNING * * *
The killer bee stings you.
* * * LOW HITPOINT WARNING * * *
You block the killer bee's attack. The killer bee closely misses you.
The killer bee stings you!
You die...

.. .........##....
.................. ..
###.# #.............
...#§...§###g#†#.#.#..
..#.....#............
...._....#.#.#.#.###
#.....#............ ###
§... #.#y#.#)#.#...
....###.###)y@y.........
#.......)[#.#.#.#.#...
#....÷...............
............#.#.#.#.#..
.......................
.......................
........######..........
........# #......#...
##....... .......


You could see 3 killer bees and a goblin.

Vanquished Creatures
  A gnoll (D:1)
  4 adders
  An ooze (D:2)
  A worm (D:3)
  3 dart slugs
  5 orcs (D:3)
  8 bats
  A giant cockroach (D:2)
  6 goblins
  14 hobgoblins
  10 kobolds
  2 quokkas (D:2)
  A ball python (D:3)
  8 frilled lizards
  8 rats
73 creatures vanquished.

Notes
Turn   | Place    | Note
-------+----------+-------------------------------------------
     0 | D:1      | Hebeh the Minotaur Fighter began the quest for the Orb.
     0 | D:1      | Reached XP level 1. HP: 19/19 MP: 0/0
   153 | D:1      | Reached XP level 2. HP: 24/27 MP: 1/1
   298 | D:1      | Reached XP level 3. HP: 29/33 MP: 2/2
   855 | D:2      | Reached XP level 4. HP: 40/40 MP: 3/3
  1434 | D:3      | Found a stormy altar of Qazlal.
  1519 | D:3      | Slain by a killer bee

Vault maps used:
D:1:      dpeg_arrival_pond
D:3:      grunt_qazlal_clouds, st_stairs_9, tgw_sif

Skill      XL: |  1  2  3  4 |
---------------+-------------+-----
Axes           | 3 4 |  4.4
Shields        | 4 |  4.4
Fighting       | 4 |  4.4
Armour         | 4 |  4.4

Action                   |  1- 3 |  4- 6 || total
-------------------------+-------+-------++-------
Melee: War axe           |    92 |    52 ||   144
       Headbutt          |    14 |     5 ||    19
  Eat: Chunk             |       |     2 ||     2
Armor: Scale mail        |    45 |    51 ||    96
Dodge: Dodged            |    28 |    21 ||    49
Block: Shield            |    49 |    41 ||    90

Table legend:
 A = Spawn XP
 B = Non-spawn XP
 C = Spawn XP percentage of total XP
 D = Spawn monster count
 E = Non-spawn monster count
 F = Spawn count percentage of total count
 G = Total turns spent on level
                    A         B        C        D         E        F      G
               +---------+---------+-------+---------+---------+-------+---------
         Total |       0 |     192 |   0.0 |       0 |      73 |   0.0 |  1519
               +---------+---------+-------+---------+---------+-------+---------
           D:1 |       0 |      61 |   0.0 |       0 |      27 |   0.0 |   608
           D:2 |       0 |      76 |   0.0 |       0 |      31 |   0.0 |   792
           D:3 |       0 |      55 |   0.0 |       0 |      15 |   0.0 |   119
               +---------+---------+-------+---------+---------+-------+---------
